 Dungeon Crawl Stone Soup version 0.29-a0-294-g83ea962da3 (webtiles) character file.

Game seed: 8899394738481429733

2525 Dabor the Fighter (level 9, -7/90 (97) HPs)
             Began as an Ogre Gladiator on Mar 18, 2022.
             Was a Priest of Trog.
             Killed by divine providence
             ... invoked by an orc priest
              (14 damage)
             ... on level 6 of the Dungeon.
             The game lasted 00:07:06 (7043 turns).

Dabor the Fighter (Ogre Gladiator)                  Turns: 7043, Time: 00:07:07

HP:   -7/90 (97)    AC:  5    Str: 21 (24) XL:     9   Next: 54%
MP:   9/9           EV:  9    Int:  8 (9)  God:    Trog [***...]
Gold: 330           SH:  5    Dex:  9 (10) Spells: 8/8 levels left

rFire   + . .      SeeInvis .   y - +2 war axe (venom)
rCold   + . .      Faith    .   E - +0 kite shield
rNeg    . . .      Spirit   .   r - +2 robe {rC+ rF+}
rPois   .          Reflect  .   c - +0 hat
rElec   .          Harm     .   (no cloak)
rCorr   .          Rampage  .   (gloves unavailable)
Will    .....                   (boots unavailable)
Stlth   +.........              (no amulet)
HPRegen 0.25/turn               (no ring)
MPRegen 0.11/turn               (no ring)

@: weak-willed, on berserk cooldown, slowed, drained, very slow
A: large, unfitting armour, tough skin 1
a: Renounce Religion, Berserk, Trog's Hand


You were on level 6 of the Dungeon.
You worshipped Trog.
Trog was most pleased with you.
You visited 1 branch of the dungeon, and saw 6 of its levels.

You collected 330 gold pieces.

Inventory:

Hand Weapons
 a - a +0 war axe
 y - a +2 war axe of venom (weapon)
Missiles
 d - 3 throwing nets (quivered)
 e - a large rock
Armour
 b - a +0 robe
 c - a +0 hat (worn)
 r - a +2 robe of resistance (worn)
 E - a +0 kite shield (worn)
Jewellery
 D - a ring of positive energy
Wands
 t - a wand of polymorph (16)
 F - a wand of flame (3)
Scrolls
 f - 3 scrolls of enchant weapon {unknown}
 j - a scroll of holy word
 m - 2 scrolls of teleportation {unknown}
 n - a scroll of noise {unknown}
 o - a scroll of blinking {unknown}
 p - 2 scrolls of torment {unknown}
 v - 2 scrolls of enchant armour {unknown}
 w - a scroll of summoning {unknown}
 C - a scroll of amnesia {unknown}
Potions
 g - 2 potions of brilliance {unknown}
 h - a potion of degeneration
 k - a potion of lignification {unknown}
 q - a potion of heal wounds {unknown}
 s - a potion of mutation {unknown}
 u - 3 potions of might {unknown}
 x - 2 potions of ambrosia {unknown}
 z - a potion of flight {unknown}
 A - a potion of magic {unknown}
 B - a potion of resistance {unknown}


   Skills:
 * Level 8.6 Fighting
 * Level 7.0 Axes
 - Level 2.0 Throwing
 * Level 5.0 Armour
 * Level 6.4 Dodging
 + Level 0.6 Evocations


You had 8 spell levels left.
You didn't know any spells.
Your spell library was empty.

Dungeon Overview and Level Annotations

Branches:
Dungeon (6/15)             Temple (0/1) D:6

Altars:
Qazlal
Trog

Shops:
D:3 (


Innate Abilities, Weirdness & Mutations

You are too large for most types of armour.
You have tough skin. (AC +1)


Message History

The orc shouts!
The orc moves out of view.
An orc comes into view. It is wielding a +0 trident.
You are no longer berserk.
You are exhausted.
You feel yourself slow down.
The orc priest mumbles some strange prayers to Beogh against you.
Beogh smites you!
* * * LOW HITPOINT WARNING * * *
The orc hits you with a +0 whip.
* * * LOW HITPOINT WARNING * * *
You feel better. The orc barely misses you. The orc closely misses you.
As you read the scroll labelled MIODDE GIKOBB, it crumbles to dust.
You speak a Word of immense power!
It was a scroll of holy word.
The orc closely misses you.
The orc priest looks braver for a moment.
The orc hits you with a +0 whip.
* * * LOW HITPOINT WARNING * * *
The orc hits you but does no damage.
As you read the scroll labelled OTO YH DATTUS, it crumbles to dust.
Magic quickly surges around you.
It was a scroll of vulnerability.
The orc closely misses you. The orc priest hits you with a +0 club.
* * * LOW HITPOINT WARNING * * *
The orc hits you but does no damage. The orc barely misses you.
The orc closely misses you. The orc hits you but does no damage.
The orc priest hits you but does no damage.
The orc hits you from afar with a +0 trident.
* * * LOW HITPOINT WARNING * * *
You feel better. You block the orc's attack.
The orc priest hits you but does no damage.
The orc barely misses you.
The orc hits you from afar with a +0 trident.
* * * LOW HITPOINT WARNING * * *
It was a potion of degeneration.
There was something very wrong with that liquid.
You feel weakened.
You feel dopey.
You feel clumsy. The orc hits you but does no damage.
The orc priest mumbles some strange prayers to Beogh against you.
Beogh smites you!
You die...

.
#..#
..
#..#
.
#..#
.
#..#
.
#..#
.
#oo#
.
#oo#
.
#@o#
.
#..#
#
#..#
#..#
#..#
#
#))#
#
#.)#
#
#..#
#
#..#
...##
##


You could see an orc priest (weak-willed) and 4 orcs.

Vanquished Creatures
  Grinder (D:4)
  A wyvern (D:5)
  3 ice beasts
  4 sky beasts
  An ogre (D:5)
  A black bear (D:6)
  Blork the orc (D:5)
  2 necrophages
  5 scorpions
  4 wights (D:6)
  A bullfrog zombie (D:3)
  2 centaur zombies (D:3)
  2 hounds
  3 jellies
  The ghost of P0WERM0DE the Sneak, a weakling SpIE (D:3)
  3 orc priests
  Jessica (D:2)
  A centaur skeleton (D:3)
  An iguana (D:4)
  2 orc wizards
  Robin (D:2)
  5 adders
  A shadow imp (D:6)
  5 ufetubi
  A worm (D:4)
  3 dart slugs
  22 orcs
  7 ball pythons
  5 endoplasms
  3 giant cockroaches
  13 goblins
  8 hobgoblins
  4 jackals (D:4)
  A quokka (D:3)
  3 bats
  5 frilled lizards
  6 kobolds
  8 rats
141 creatures vanquished.

Notes
Turn   | Place    | Note
-------+----------+-------------------------------------------
     0 | D:1      | Dabor the Ogre Gladiator began the quest for the Orb.
     0 | D:1      | Reached XP level 1. HP: 22/22 MP: 1/1
   180 | D:1      | Reached XP level 2. HP: 29/29 MP: 2/2
   205 | D:1      | Reached skill level 3 in Fighting
   377 | D:1      | Found a faded altar of an unknown god.
   718 | D:1      | Prayed at the altar of an unknown god.
   718 | D:1      | Became a worshipper of Trog the Wrathful
   718 | D:1      | Reached * piety under Trog
   888 | D:2      | Reached XP level 3. HP: 35/37 MP: 3/3
  1093 | D:2      | Identified the +4 plate armour "Heasong" {rElec Will-
                  | Str+6}
  1350 | D:2      | Noticed Jessica
  1355 | D:2      | Killed Jessica
  1356 | D:2      | Reached skill level 1 in Armour
  1434 | D:2      | Reached XP level 4. HP: 45/45 MP: 4/4
  1763 | D:2      | Noticed Robin
  1768 | D:2      | Reached ** piety under Trog
  1782 | D:2      | Killed Robin
  1988 | D:3      | Reached skill level 4 in Fighting
  2093 | D:3      | Found a stormy altar of Qazlal.
  2100 | D:3      | Reached XP level 5. HP: 53/54 MP: 5/5
  2130 | D:3      | Found a runed translucent gate.
  2130 | D:3      | Found a runed translucent gate.
  2130 | D:3      | Found a runed translucent gate.
  2195 | D:3      | Noticed P0WERM0DE's ghost (weakling SpIE)
  2286 | D:3      | Noticed an ice beast
  2299 | D:3      | Killed an ice beast
  2300 | D:3      | Reached XP level 6. HP: 33/63 MP: 6/6
  2488 | D:3      | Found Deshraang's Weapon Boutique.
  2603 | D:3      | Killed P0WERM0DE's ghost
  2608 | D:3      | Reached skill level 5 in Fighting
  2721 | D:4      | Reached XP level 7. HP: 50/67 MP: 7/7
  2871 | D:4      | Reached *** piety under Trog
  3423 | D:4      | Noticed Grinder
  3444 | D:4      | Paralysed by Grinder for 7 turns
  3481 | D:4      | Paralysed by Grinder for 3 turns
  3487 | D:4      | Paralysed by Grinder for 4 turns
  3492 | D:4      | Killed Grinder
  3493 | D:4      | Reached skill level 6 in Fighting
  3493 | D:4      | Reached skill level 5 in Axes
  3760 | D:4      | Reached XP level 8. HP: 70/83 MP: 8/8
  3998 | D:4      | Reached skill level 5 in Dodging
  4351 | D:5      | Entered Level 5 of the Dungeon
  4710 | D:5      | Reached skill level 7 in Fighting
  5326 | D:5      | Noticed a wyvern
  5331 | D:5      | Killed a wyvern
  5481 | D:5      | Reached XP level 9. HP: 86/94 MP: 9/9
  5677 | D:5      | Noticed Blork the orc
  5688 | D:5      | Killed Blork the orc
  6002 | D:5      | Reached skill level 8 in Fighting
  6396 | D:6      | Found a staircase to the Ecumenical Temple.
  7029 | D:6      | Reached skill level 5 in Armour
  7043 | D:6      | Killed from afar by an orc priest

Illustrated notes

Levels and vault maps discovered:
D:1:      ncdulo_halloftheorcs, layout_basic, ebering_ecumenical_altar_abandoned
D:2:      layout_basic, uniq_robin, uniq_jessica
D:3:      layout_basic, nicolae_qazlal_scattered_showers,
          gammafunk_ghost_necromancy, serial_shops,
          nicolae_shop_bloodbath_and_beyond
D:4:      layout_loops_ring, kennysheep_path_1, uniq_grinder
D:5:      layout_basic, amcnicky_mini_pool_small, uniq_blork_the_orc
D:6:      layout_gridville, minmay_temple_entry_waves

Skill      XL: |  1  2  3  4  5  6  7  8  9 |
---------------+----------------------------+-----
Fighting       | 3 4 5 6 7 8 |  8.6
Dodging        | 3 4 5 6 |  6.4
Armour         | 1 2 3 4 5 |  5.0
Axes           | 4 5 6 7 |  7.0
Throwing       | |  2.0
Evocations     | |  0.6

Action                   |  1- 3 |  4- 6 |  7- 9 || total
-------------------------+-------+-------+-------++-------
Melee: War axe           |    70 |   122 |   262 ||   454
       Punch             |       |     2 |     1 ||     3
Throw: Throwing net      |       |       |     1 ||     1
Invok: Berserk           |       |     1 |     6 ||     7
       Trog's Hand       |       |       |     1 ||     1
  Use: Potion            |       |       |     4 ||     4
       Scroll            |       |       |     2 ||     2
 Stab: Sleeping          |       |     2 |       ||     2
Armor: Robe              |    24 |    59 |    89 ||   172
Dodge: Dodged            |    33 |    73 |   155 ||   261
Block: Kite shield       |       |       |     6 ||     6

Table legend: (Time is in decaauts)
 A = Elapsed time spent in this place.
 B = Non-inter-level travel time spent in this place.
 C = Inter-level travel time spent in this place.
 D = Time resting spent in this place.
 E = Time spent auto-exploring this place.
 F = Levels seen in this place.
 G = Mean time per level.
                   A        B        C        D        E       F      G
               +--------+--------+--------+--------+--------+-----+--------+
         Total |   7218 |   7102 |    116 |    500 |   5425 |   6 | 1203.0 |
       Dungeon |   7218 |   7102 |    116 |    500 |   5425 |   6 | 1203.0 |
               +--------+--------+--------+--------+--------+-----+--------+

Top non-repeatable levels by time:
     D:5: 2009 daAuts
     D:4: 1765 daAuts
     D:2: 1134 daAuts
     D:1: 837 daAuts
     D:3: 741 daAuts
     D:6: 730 daAuts
